 Dungeon Crawl Stone Soup version 0.28-a0-850-g09de17f5b5 (webtiles) character file.

Game seed: 9006174657871409637

96 Crownlay the Changer (level 4, 0/28 HPs)
             Began as an Octopode Transmuter on Nov 13, 2021.
             Slain by a gnoll (5 damage)
             ... on level 3 of the Dungeon.
             The game lasted 00:04:14 (3602 turns).

Crownlay the Changer (Octopode Transmuter)          Turns: 3602, Time: 00:04:14

Health: 0/28       AC:  1    Str:  9    XL:     4   Next: 67%
Magic:  6/7        EV: 17    Int: 15    God:
Gold:   81         SH:  0    Dex: 13    Spells: 6/7 levels left

rFire   . . .      SeeInvis .     - Unarmed
rCold   . . .      Faith    .   (no shield)
rNeg    . . .      Spirit   .   (helmet currently unavailable)
rPois   .          Reflect  .   (no amulet)
rElec   .          Harm     .   j - +4 ring of evasion
rCorr   .          Rampage  .   (no ring)
Will    .....                   (no ring)
Stlth   ++........              (no ring)
HPRegen 0.09/turn               (no ring)
MPRegen 0.10/turn               (no ring)
                                (no ring)
                                (no ring)

@: appendages
A: tentacle spike 3, almost no armour, amphibious, 8 rings, camouflage 1,
gelatinous body 1, (nimble swimmer 1), tentacles
a: End Transformation


You were on level 3 of the Dungeon.
One of your tentacles had grown a beastly spike.
You visited 1 branch of the dungeon, and saw 3 of its levels.

You collected 81 gold pieces.

Inventory:

Jewellery
 j - a +4 ring of evasion (left tentacle)
 l - an amulet of the acrobat
Scrolls
 a - a scroll of enchant weapon {unknown}
 d - 2 scrolls of identify {unknown}
 e - a scroll of magic mapping {unknown}
 f - a scroll of amnesia {unknown}
 g - a scroll of noise {unknown}
 h - a scroll of teleportation {unknown}
 i - a scroll of brand weapon {unknown}
 m - a scroll of holy word {unknown}
Potions
 b - a potion of heal wounds
 k - a potion of attraction {unknown}


   Skills:
 - Level 1.0 Fighting
 - Level 2.0 Dodging
 - Level 3.0 Unarmed Combat
 - Level 2.0 Spellcasting
 * Level 4.7 Transmutations


You had 6 spell levels left.
You knew the following spells:

 Your Spells              Type           Power      Damage    Failure   Level
a - Beastly Appendage     Tmut           30%        N/A       3%          1

Your spell library contained the following spells:

 Spells                   Type           Power      Damage    Failure   Level
 Wereblood                Tmut           15%        N/A       4%          2
 Spider Form              Tmut/Pois      8%         N/A       26%         3
 Ice Form                 Ice/Tmut       8%         N/A       63%         4


Dungeon Overview and Level Annotations

Branches:
Dungeon (3/15)

Altars:


Innate Abilities, Weirdness & Mutations

One of your tentacles has grown a beastly spike.
You cannot wear most types of armour.
You are amphibious.
You can wear up to eight rings at the same time.
Your skin changes colour to match your surroundings (Stealth+).
Your rubbery body absorbs attacks. (AC +1, EV +1)
((You are camouflaged near water. (Stealth+)))
You have tentacles for arms and can constrict up to eight enemies at once.


Message History

You throw a poisoned dart. The poisoned dart hits the gnoll.
The gnoll looks even sicker.
The gnoll is moderately wounded.
The gnoll hits you from afar with a +0 spear!
You throw a poisoned dart. The poisoned dart hits the gnoll.
The gnoll looks as sick as possible!
The gnoll is moderately wounded.
The gnoll looks more healthy.
The gnoll barely misses you.
You throw a poisoned dart. The poisoned dart hits the gnoll.
The gnoll looks as sick as possible!
The gnoll is heavily wounded.
The gnoll misses you.
You throw a poisoned dart.
The poisoned dart closely misses the gnoll.
The poisoned dart completely misses the gnoll.
The poisoned dart closely misses the gnoll.
The poisoned dart hits the gnoll.
The gnoll hits you from afar with a +0 spear!
You kill the gnoll!
The gnoll throws a throwing net.
The throwing net closely misses you.
You see here a throwing net.
Okay, then.
The teleport trap disappears.
The gnoll disappears!
j - a +4 ring of evasion (left tentacle)
Casting: Beastly Appendage (safe; 3% risk of failure)
Confirm with . or Enter, or press ? or * to list all spells.
One of your tentacles grows a vicious spike.
You tentacle-slap the gnoll. You grab the gnoll.
You pierce the gnoll, but do no damage.
You squeeze the gnoll, but do no damage.
The gnoll is lightly wounded.
You constrict the gnoll. The gnoll hits you with a +0 club.
You tentacle-slap the gnoll.
The gnoll is heavily wounded.
You constrict the gnoll. The gnoll hits you with a +0 club.
* * * LOW HITPOINT WARNING * * *
You tentacle-slap the gnoll but do no damage.
The gnoll is heavily wounded.
You constrict the gnoll. The gnoll hits you with a +0 club.
You die...

.g#
#.##...####.........#.
###
#..................### #
####..#####.........#. #
..###.#.# ###.......[# #
#......# #.#...#... #
####...# #.#...#.## #
#.#.# #.#....... .
...#g# #.##.#..## #
#####@# #.......##
#####.# ####......
#.....# ######.......
....########............
## #...####.##.... #.###
#.##.... #.# #.......
#.# #..#.##. #.##
#.......


You could see a gnoll.

Vanquished Creatures
  A gnoll (D:3)
  3 adders
  A worm (D:3)
  A dart slug (D:1)
  5 orcs (D:3)
  5 ball pythons
  3 endoplasms
  A giant cockroach (D:2)
  7 goblins
  4 hobgoblins
  4 kobolds
  5 quokkas
  3 bats
  2 frilled lizards
  2 rats (D:2)
47 creatures vanquished.

Notes
Turn   | Place    | Note
-------+----------+-------------------------------------------
     0 | D:1      | Crownlay the Octopode Transmuter began the quest for the
                  | Orb.
     0 | D:1      | Reached XP level 1. HP: 13/13 MP: 3/3
   237 | D:1      | Found a faded altar of an unknown god.
   826 | D:1      | Reached XP level 2. HP: 18/18 MP: 5/5
  1089 | D:2      | Reached skill level 3 in Transmutations
  1421 | D:2      | Reached XP level 3. HP: 23/23 MP: 6/6
  2248 | D:2      | Reached skill level 4 in Transmutations
  2928 | D:3      | Reached XP level 4. HP: 19/28 MP: 7/7
  3602 | D:3      | Slain by a gnoll

Illustrated notes

Levels and vault maps discovered:
D:1:      minmay_arrival_glassed_features, layout_loops_corners,
          shapermc_ecumenical_altar_petra, minivault_11
D:2:      layout_loops_corners, hangedman_decor_opposing
D:3:      layout_loops_cross

Skill      XL: |  1  2  3 |
---------------+----------+-----
Transmutations | 3 4 |  4.7
Fighting       | |  1.0
Dodging        | |  2.0
Unarmed Combat | |  3.0
Spellcasting   | |  2.0

Action                   |  1- 3 |  4- 6 || total
-------------------------+-------+-------++-------
Melee: Unarmed           |    79 |    33 ||   112
       Constrict         |    21 |     7 ||    28
       Tentacles         |     9 |     5 ||    14
       Punch             |     2 |     1 ||     3
       Kick              |       |     1 ||     1
Throw: Dart              |    43 |    31 ||    74
 Cast: Beastly Appendage |     1 |     2 ||     3
  Use: Potion            |     1 |       ||     1
 Stab: Sleeping          |     6 |       ||     6
Armor: Skin              |    10 |     2 ||    12
Dodge: Dodged            |    39 |    23 ||    62

Table legend: (Time is in decaauts)
 A = Elapsed time spent in this place.
 B = Non-inter-level travel time spent in this place.
 C = Inter-level travel time spent in this place.
 D = Time resting spent in this place.
 E = Time spent auto-exploring this place.
 F = Levels seen in this place.
 G = Mean time per level.
                   A        B        C        D        E       F      G
               +--------+--------+--------+--------+--------+-----+--------+
         Total |   3595 |   3520 |     75 |      0 |   3075 |   3 | 1198.3 |
       Dungeon |   3595 |   3520 |     75 |      0 |   3075 |   3 | 1198.3 |
               +--------+--------+--------+--------+--------+-----+--------+

Top non-repeatable levels by time:
     D:2: 1443 daAuts
     D:1: 1076 daAuts
     D:3: 1075 daAuts
